| TOP OF THE 1ST |
|
Tijuana Toros batting - Pitching for Roswell Invaders : RHP Ulbert Beltman
|
|
Pitching: RHP Ulbert Beltman
|
|
|
Batting: RHB Alex Diaz
|
0-0: Ball 1-0: Fly out, F9 (Line Drive, 9S, EV 94.4 MPH)
|
|
Batting: RHB Guo Kwok
|
0-0: Called Strike 0-1: Foul Ball, location: 2F 0-2: Strikes out swinging
|
|
Batting: RHB Jerry Afghani
|
0-0: Called Strike 0-1: Foul Ball, location: 2F 0-2: Ball 1-2: Ball 2-2: SINGLE (Line Drive, 6MD, EV 96.2 MPH)
|
|
Batting: RHB Shiki Nomoto
|
0-0: Called Strike 0-1: Called Strike 0-2: Ball Jerry Afghani is caught stealing 2nd base 2-4
|
| Top of the 1st over - 0 runs, 1 hit, 0 errors, 0 left on base; Tijuana 0 - Roswell 0 |
| BOTTOM OF THE 1ST |
|
Roswell Invaders batting - Pitching for Tijuana Toros : RHP Rudolf Goldsmith
|
|
Pitching: RHP Rudolf Goldsmith
|
|
|
Batting: LHB Julio Zamora
|
0-0: Ball 1-0: Called Strike 1-1: Swinging Strike 1-2: Strikes out swinging
|
|
Batting: LHB Josh Snyder
|
0-0: Called Strike 0-1: Ball 1-1: Swinging Strike 1-2: Strikes out swinging
|
|
Batting: RHB Juan Mejia
|
0-0: Ball 1-0: Ball 2-0: Ball 3-0: Base on Balls
|
|
Batting: LHB Ivan Cortez
|
0-0: Ball 1-0: Ball 2-0: Called Strike 2-1: Foul Ball, location: 2F 2-2: Ball 3-2: Base on Balls Juan Mejia to second
|
|
Batting: RHB Benjie Alejandro
|
0-0: Ground out 5-3 (Groundball, 56S, EV 66.9 MPH)
|
| Bottom of the 1st over - 0 runs, 0 hits, 0 errors, 2 left on base; Tijuana 0 - Roswell 0 |
| TOP OF THE 2ND |
|
Tijuana Toros batting - Pitching for Roswell Invaders : RHP Ulbert Beltman
|
|
Batting: RHB Shiki Nomoto
|
0-0: Ball 1-0: Ball 2-0: Called Strike 2-1: Called Strike 2-2: Ground out 4-3 (Groundball, 4, EV 105.0 MPH)
|
|
Batting: RHB Mario Diaz
|
0-0: Ball 1-0: Called Strike 1-1: Swinging Strike 1-2: Foul Ball, location: 2F 1-2: Foul Ball, location: 2F 1-2: DOUBLE (Line Drive, 89M, EV 113.8 MPH)
|
|
Batting: RHB Jesus Herrera
|
0-0: Single, Error in OF, E7, batter to second base (Line Drive, 7LS, EV 90.0 MPH) Mario Diaz scores
|
|
Batting: RHB Guillermo Puente
|
0-0: Ball 1-0: 2-RUN HOME RUN (Line Drive, 7LD, EV 96.2 MPH), Distance : 352 ft
|
|
Batting: RHB Clay Holgate
|
0-0: Ball 1-0: SOLO HOME RUN (Flyball, 78XD, EV 112.5 MPH), Distance : 444 ft
|
|
Batting: LHB Jose Diaz
|
0-0: Called Strike 0-1: Ball 1-1: Foul Ball, location: 2F 1-2: Fly out, F7 (Line Drive, 78M, EV 88.8 MPH)
|
|
Batting: RHB Alex Diaz
|
0-0: Called Strike 0-1: Called Strike 0-2: Ground out 1-3 (Groundball, 13S, EV 68.1 MPH)
|
| Top of the 2nd over - 4 runs, 4 hits, 1 error, 0 left on base; Tijuana 4 - Roswell 0 |
| BOTTOM OF THE 2ND |
|
Roswell Invaders batting - Pitching for Tijuana Toros : RHP Rudolf Goldsmith
|
|
Batting: RHB T.J. House
|
0-0: Ball 1-0: Ball 2-0: Called Strike 2-1: Foul Ball, location: 2F 2-2: Strikes out swinging
|
|
Batting: LHB Andy Fischer
|
0-0: Ball 1-0: Ground out 4-3 (Groundball, 4S, EV 85.6 MPH)
|
|
Batting: RHB Shinichi Miyamoto
|
0-0: Ball 1-0: Ball 2-0: Ground out 6-3 (Groundball, 6, EV 88.8 MPH)
|
| Bottom of the 2nd over - 0 runs, 0 hits, 0 errors, 0 left on base; Tijuana 4 - Roswell 0 |
| TOP OF THE 3RD |
|
Tijuana Toros batting - Pitching for Roswell Invaders : RHP Ulbert Beltman
|
|
Batting: RHB Guo Kwok
|
0-0: Called Strike 0-1: Ball 1-1: Called Strike 1-2: Strikes out swinging
|
|
Batting: RHB Jerry Afghani
|
0-0: Ball 1-0: Swinging Strike 1-1: Ground out 3-1 (Groundball, 34, EV 77.5 MPH)
|
|
Batting: RHB Shiki Nomoto
|
0-0: Called Strike 0-1: Ball 1-1: Called Strike 1-2: Strikes out swinging
|
| Top of the 3rd over - 0 runs, 0 hits, 0 errors, 0 left on base; Tijuana 4 - Roswell 0 |
| BOTTOM OF THE 3RD |
|
Roswell Invaders batting - Pitching for Tijuana Toros : RHP Rudolf Goldsmith
|
|
Batting: SHB Sandy Burke
|
0-0: Foul Ball, location: 2F 0-1: SOLO HOME RUN (Line Drive, 78XD, EV 106.2 MPH), Distance : 407 ft
|
|
Batting: LHB Julio Zamora
|
0-0: Swinging Strike 0-1: Called Strike 0-2: Foul Ball, location: 2F 0-2: Fly out, F8 (Flyball, 8LM, EV 92.5 MPH)
|
|
Batting: LHB Josh Snyder
|
0-0: Ball 1-0: Foul Ball, location: 2F 1-1: Fly out, F9 (Flyball, 9LMF, EV 95.6 MPH)
|
|
Batting: RHB Juan Mejia
|
0-0: Called Strike 0-1: Fly out, F8 (Flyball, 89D, EV 83.1 MPH)
|
| Bottom of the 3rd over - 1 run, 1 hit, 0 errors, 0 left on base; Tijuana 4 - Roswell 1 |
| TOP OF THE 4TH |
|
Tijuana Toros batting - Pitching for Roswell Invaders : RHP Ulbert Beltman
|
|
Batting: RHB Mario Diaz
|
0-0: Ball 1-0: Called Strike 1-1: Ball 2-1: Fly out, F9 (Flyball, 9LM, EV 95.0 MPH)
|
|
Batting: RHB Jesus Herrera
|
0-0: Called Strike 0-1: SINGLE (Line Drive, 8RS, EV 107.5 MPH)
|
|
Batting: RHB Guillermo Puente
|
0-0: Ground out 4-3 (Groundball, 4, EV 85.0 MPH) Jesus Herrera to second
|
|
Batting: RHB Clay Holgate
|
0-0: Foul Ball, location: 2F 0-1: Ball 1-1: Ground out 5-3 (Groundball, 56, EV 88.1 MPH)
|
| Top of the 4th over - 0 runs, 1 hit, 0 errors, 1 left on base; Tijuana 4 - Roswell 1 |
| BOTTOM OF THE 4TH |
|
Roswell Invaders batting - Pitching for Tijuana Toros : RHP Rudolf Goldsmith
|
|
Batting: LHB Ivan Cortez
|
0-0: Called Strike 0-1: Called Strike 0-2: SINGLE (Groundball, 25, EV 74.4 MPH) (infield hit)
|
|
Batting: RHB Benjie Alejandro
|
0-0: Ball Ivan Cortez is caught stealing 2nd base 2-4 1-0: Ball 2-0: Ball 3-0: Called Strike 3-1: Foul Ball, location: 2F 3-2: Strikes out swinging
|
|
Batting: RHB T.J. House
|
0-0: Fly out, F7 (Flyball, 7, EV 81.2 MPH)
|
| Bottom of the 4th over - 0 runs, 1 hit, 0 errors, 0 left on base; Tijuana 4 - Roswell 1 |
| TOP OF THE 5TH |
|
Tijuana Toros batting - Pitching for Roswell Invaders : RHP Ulbert Beltman
|
|
Batting: LHB Jose Diaz
|
0-0: Called Strike 0-1: Ball 1-1: Ball 2-1: Called Strike 2-2: Ball 3-2: Ground out U3 (Groundball, 3, EV 86.9 MPH)
|
|
Batting: RHB Alex Diaz
|
0-0: Called Strike 0-1: Called Strike 0-2: Fly out, F7 (Line Drive, 78M, EV 93.1 MPH)
|
|
Batting: RHB Guo Kwok
|
0-0: Ball 1-0: Called Strike 1-1: Ball 2-1: Swinging Strike 2-2: Foul Ball, location: 2F 2-2: Fly out, F7 (Flyball, 7, EV 78.8 MPH)
|
| Top of the 5th over - 0 runs, 0 hits, 0 errors, 0 left on base; Tijuana 4 - Roswell 1 |
| BOTTOM OF THE 5TH |
|
Roswell Invaders batting - Pitching for Tijuana Toros : RHP Rudolf Goldsmith
|
|
Batting: LHB Andy Fischer
|
0-0: Called Strike 0-1: Ball 1-1: Ball 2-1: Called Strike 2-2: Ball 3-2: Base on Balls
|
|
Batting: RHB Shinichi Miyamoto
|
0-0: Foul Ball, location: 2F 0-1: Ball 1-1: Ball 2-1: Ball 3-1: Foul Ball, location: 2F 3-2: Base on Balls Andy Fischer to second
|
|
Batting: SHB Sandy Burke
|
0-0: Called Strike 0-1: Ball 1-1: Called Strike 1-2: Strikes out swinging
|
|
Batting: LHB Julio Zamora
|
0-0: Called Strike 0-1: Called Strike 0-2: Foul Ball, location: 2F 0-2: Strikes out swinging
|
|
Batting: LHB Josh Snyder
|
0-0: Called Strike 0-1: Swinging Strike 0-2: Foul Ball, location: 2F 0-2: Ball 1-2: Strikes out swinging
|
| Bottom of the 5th over - 0 runs, 0 hits, 0 errors, 2 left on base; Tijuana 4 - Roswell 1 |
| TOP OF THE 6TH |
|
Tijuana Toros batting - Pitching for Roswell Invaders : RHP Ulbert Beltman
|
|
Batting: RHB Jerry Afghani
|
0-0: Ball 1-0: Called Strike 1-1: Ground out 4-3 (Groundball, 4, EV 103.1 MPH)
|
|
Batting: RHB Shiki Nomoto
|
0-0: Foul Ball, location: 2F 0-1: Ground out 6-3 (Groundball, 6, EV 81.2 MPH)
|
|
Batting: RHB Mario Diaz
|
0-0: Ball 1-0: Ball 2-0: Ball 3-0: Called Strike 3-1: Foul Ball, location: 2F 3-2: Foul Ball, location: 2F 3-2: Ground out 1-3 (Groundball, P, EV 65.6 MPH)
|
| Top of the 6th over - 0 runs, 0 hits, 0 errors, 0 left on base; Tijuana 4 - Roswell 1 |
| BOTTOM OF THE 6TH |
|
Roswell Invaders batting - Pitching for Tijuana Toros : RHP Rudolf Goldsmith
|
|
Batting: RHB Juan Mejia
|
0-0: Called Strike 0-1: Swinging Strike 0-2: Strikes out swinging
|
|
Batting: LHB Ivan Cortez
|
0-0: Ground out 4-3 (Groundball, 4, EV 79.4 MPH)
|
|
Batting: RHB Benjie Alejandro
|
0-0: Ball 1-0: Ball 2-0: Called Strike 2-1: Foul Ball, location: 2F 2-2: Strikes out looking
|
| Bottom of the 6th over - 0 runs, 0 hits, 0 errors, 0 left on base; Tijuana 4 - Roswell 1 |
| TOP OF THE 7TH |
|
Tijuana Toros batting - Pitching for Roswell Invaders : RHP Ulbert Beltman
|
|
Batting: RHB Jesus Herrera
|
0-0: Called Strike 0-1: Ball 1-1: Ball 2-1: Foul Ball, location: 2F 2-2: SINGLE (Flyball, 7LS, EV 97.5 MPH)
|
|
Batting: RHB Guillermo Puente
|
0-0: Called Strike 0-1: Ball 1-1: SINGLE (Line Drive, 89S, EV 93.8 MPH) Jesus Herrera to second Runner from 2nd tries for 3rd, SAFE, throw by RF made to third
|
|
Batting: RHB Djoka Subasic
|
0-0: Ball 1-0: Ball 2-0: Called Strike 2-1: Foul Ball, location: 2F 2-2: Fielders Choice at 2nd, 5-4 (Groundball, 5, EV 90.0 MPH) Jesus Herrera scores
|
|
Batting: LHB Jose Diaz
|
0-0: Swinging Strike 0-1: Called Strike 0-2: Strikes out looking
|
|
Batting: RHB Alex Diaz
|
0-0: Called Strike 0-1: Ground out 4-3 (Groundball, 4, EV 96.9 MPH)
|
| Top of the 7th over - 1 run, 2 hits, 0 errors, 1 left on base; Tijuana 5 - Roswell 1 |
| BOTTOM OF THE 7TH |
|
Roswell Invaders batting - Pitching for Tijuana Toros : RHP Rudolf Goldsmith
|
|
Batting: RHB T.J. House
|
0-0: Fly out, F8 (Line Drive, 8RM, EV 96.2 MPH)
|
|
Batting: LHB Andy Fischer
|
0-0: Ball 1-0: Ball 2-0: Foul Ball, location: 2F 2-1: Foul Ball, location: 2F 2-2: Strikes out swinging
|
|
Batting: RHB Shinichi Miyamoto
|
0-0: Called Strike 0-1: Called Strike 0-2: Ball 1-2: Strikes out swinging
|
| Bottom of the 7th over - 0 runs, 0 hits, 0 errors, 0 left on base; Tijuana 5 - Roswell 1 |
| TOP OF THE 8TH |
|
Tijuana Toros batting - Pitching for Roswell Invaders : RHP Ulbert Beltman
|
|
Batting: RHB Guo Kwok
|
0-0: Ball 1-0: SINGLE (Groundball, 4D, EV 104.4 MPH)
|
|
Batting: RHB Jerry Afghani
|
0-0: Ball 1-0: Swinging Strike 1-1: Called Strike 1-2: Strikes out looking
|
|
Pitching: LHP Jayden Spearman
|
|
|
Batting: RHB Shiki Nomoto
|
0-0: Ball 1-0: Ball 2-0: Called Strike 2-1: Fly out, F3 (Popup, 3SF, EV 80.0 MPH)
|
|
Batting: RHB Mario Diaz
|
0-0: Ball 1-0: Ball 2-0: Ball 3-0: Called Strike 3-1: Foul Ball, location: 2F 3-2: Foul Ball, location: 2F 3-2: Strikes out swinging
|
| Top of the 8th over - 0 runs, 1 hit, 0 errors, 1 left on base; Tijuana 5 - Roswell 1 |
| BOTTOM OF THE 8TH |
|
Roswell Invaders batting - Pitching for Tijuana Toros : RHP Rudolf Goldsmith
|
|
Pinch Hitting: RHB Hidemitsu Matsuno
|
0-0: Ball 1-0: Called Strike 1-1: Ball 2-1: Fly out, F9 (Flyball, 9D, EV 75.6 MPH)
|
|
Batting: LHB Julio Zamora
|
0-0: Swinging Strike 0-1: Ball 1-1: Ball 2-1: Called Strike 2-2: Ball 3-2: Foul Ball, location: 2F 3-2: Strikes out swinging
|
|
Batting: RHB Ray Bieber
|
0-0: Swinging Strike 0-1: Ground out 6-3 (Groundball, 6S, EV 79.4 MPH)
|
| Bottom of the 8th over - 0 runs, 0 hits, 0 errors, 0 left on base; Tijuana 5 - Roswell 1 |
| TOP OF THE 9TH |
|
Tijuana Toros batting - Pitching for Roswell Invaders : LHP Jayden Spearman
|
|
Now at 2B: Cullen Kelley
|
|
|
Batting: RHB Jesus Herrera
|
0-0: Ball 1-0: Fly out, F3 (Popup, 23F, EV 86.9 MPH)
|
|
Batting: RHB Guillermo Puente
|
0-0: Fly out, F7 (Flyball, 7, EV 90.6 MPH)
|
|
Batting: RHB Djoka Subasic
|
0-0: Foul Ball, location: 2F 0-1: Fly out, F9 (Flyball, 9, EV 83.1 MPH)
|
| Top of the 9th over - 0 runs, 0 hits, 0 errors, 0 left on base; Tijuana 5 - Roswell 1 |
| BOTTOM OF THE 9TH |
|
Roswell Invaders batting - Pitching for Tijuana Toros : RHP Rudolf Goldsmith
|
|
Batting: RHB Juan Mejia
|
0-0: Swinging Strike 0-1: Swinging Strike 0-2: Strikes out looking
|
|
Batting: LHB Ivan Cortez
|
0-0: Called Strike 0-1: SINGLE (Groundball, 34D, EV 100.6 MPH)
|
|
Batting: RHB Benjie Alejandro
|
0-0: Called Strike 0-1: Called Strike 0-2: Foul Ball, location: 2F 0-2: Foul Ball, location: 2F 0-2: Grounds into double play, 4-6-3 (Groundball, 4, EV 88.8 MPH)
|
| Bottom of the 9th over - 0 runs, 1 hit, 0 errors, 0 left on base; Tijuana 5 - Roswell 1 |
|